Map: Dusk Towers

Players

MorN - Winner!

  • Race: Terran Terran
  • League: Diamond

Magikarp

  • Race: Zerg Zerg
  • League: Silver

VOD

Have the link to the VOD?

Description

Time

  • Played on: Nov. 15, 2015, 5:13 p.m.
  • Length: 10:40
Show
View Real Time Build Order
Export as new Build Order

MorN Terran - Winner!

Build Orders: Liberator Opening, Reaper Expand, MMM Bio 

Get SALT Encoding   

  12  0:01  SCV  
  13  0:13  SCV  
  14  0:17  Supply Depot  
  14  0:25  SCV  
  15  0:39  SCV  
  15  0:40  Barracks  
  16  0:44  Refinery  
  16  0:51  SCV  
  17  1:03  SCV  
  18  1:17  SCV  
  19  1:31  Orbital Command  
  19  1:32  Reaper  
  20  1:41  Command Center  
  20  1:50  Refinery  
  20  1:56  Supply Depot  
  20  1:57  SCV  
  21  2:04  Barracks Reactor  
  21  2:09  SCV  
  22  2:20  Factory  
  22  2:21  SCV  
  23  2:33  SCV  
  24  2:42  Marine  
  24  2:43  Marine  
  26  2:45  SCV  
  27  2:55  Orbital Command  
  27  2:57  SCV  
  27  3:07  Starport  
  27  3:09  SCV  
  27  3:10  Barracks Tech Lab  
  27  3:11  Hellion x2  
  32  3:22  SCV  
  32  3:23  SCV  
  34  3:32  Liberator  
  34  3:33  Hellion x2  
  38  3:34  SCV  
  38  3:35  SCV  
  38  3:39  Stimpack  
  40  3:42  Armory, Marine  
  40  3:46  SCV  
  40  3:47  SCV  
  46  3:59  Supply Depot  
  46  4:21  SCV x2, Hellion x2, Marine  
  53  4:33  SCV  
  53  4:38  Supply Depot  
  54  4:42  Liberator  
  54  4:45  Command Center  
  54  4:59  Marine  
  60  5:00  SCV x2  
  60  5:06  Hellion x2  
  56  5:12  SCV x2  
  56  5:17  Marine  
  56  5:19  Refinery  
  56  5:20  Refinery  
  57  5:24  SCV x2  
  57  5:27  Supply Depot  
  61  5:36  SCV, Marauder  
  62  5:44  Combat Shields, Barracks, Starport Reactor  
  62  5:46  Barracks  
  62  5:47  Barracks  
  62  5:48  SCV x2, Factory Reactor  
  64  5:50  Barracks  
  64  5:56  Marine  
  65  5:57  Supply Depot, Orbital Command  
  65  6:00  Engineering Bay  
  65  6:01  SCV x2  
  65  6:02  Engineering Bay  
  67  6:13  SCV x2, Supply Depot  
  67  6:15  Marine  
  67  6:18  Terran Vehicle Weapons Level 1  
  70  6:20  Supply Depot, Orbital Command  
  70  6:25  SCV x2  
  72  6:34  Marauder  
  72  6:35  Barracks Reactor  
  72  6:36  Barracks Reactor  
  72  6:37  SCV x2  
  72  6:39  Supply Depot, Marine  
  77  6:40  Factory Tech Lab  
  77  6:41  Marine x3  
  77  6:44  Medivac x2  
  84  6:49  SCV x3  
  87  6:55  Marauder  
  87  6:57  Marine  
  87  6:59  Marine x3  
  93  7:01  SCV x2  
  93  7:03  Refinery  
  93  7:04  SCV  
  93  7:05  Supply Depot  
  93  7:06  Supply Depot  
  93  7:07  Refinery  
  96  7:09  Terran Infantry Weapons Level 1, Terran Infantry Armor Level 1  
  96  7:13  SCV x2  
  96  7:14  Concussive Shells  
  96  7:15  Marine x5  
  103  7:16  Liberator x2, Marine  
  103  7:17  SCV, Marine  
  106  7:29  Marine x2  
  108  7:31  SCV x2  
  108  7:32  Marine x2  
  121  7:37  Siege Tank  
  121  7:38  Marine x5  
  121  7:41  SCV  
  121  7:43  SCV  
  128  7:45  Supply Depot  
  128  7:47  Marine x2  
  128  7:48  Supply Depot  
  128  7:50  SCV, Missile Turret, Marine x2  
  133  8:06  Supply Depot x2, Marine x5  
  133  8:11  Marine x3  
  133  8:12  Siege Tank  
  130  8:13  SCV  
  130  8:16  Marine  
  130  8:17  Supply Depot x2  
  130  8:19  Medivac  
  130  8:24  Marauder, Medivac, Marine x3  
  130  8:25  SCV x2  
  137  8:27  Marine  
  137  8:29  SCV, Marine  
  137  8:33  Supply Depot  
  140  8:36  Marine x2  
  140  8:37  SCV  
  140  8:40  Marine  
  140  8:41  SCV x2, Supply Depot  
  145  8:43  Marine x3  
  145  8:46  Marauder  
  151  8:48  Marine x2  
  151  8:49  Medivac  
  151  8:53  Marine  
  151  8:54  Medivac, Marine  
  159  8:56  Siege Tank  
  159  8:58  Marine  
  159  9:01  Marine x2  
  159  9:02  SCV  
  166  9:04  Supply Depot  
  166  9:10  Marine  
  166  9:11  Marine  
  166  9:12  Marine x4  
  172  9:28  Marine x3  
  172  9:31  Marauder  
  177  9:34  Barracks  
  177  9:36  Supply Depot  
  177  9:37  Barracks  
  177  9:39  Barracks  
  177  9:42  SCV x2  
  179  9:53  Command Center  
  179  9:54  Marine  
  179  9:55  Marine x7  
  179  9:56  Marine  
  189  10:00  Supply Depot  
  188  10:12  Marine  
  188  10:13  Marine x2  
  191  10:17  Marine x4  
  191  10:18  Marauder  
  197  10:37  Barracks Reactor  
  197  10:38  Barracks Tech Lab x2  
Show
View Real Time Build Order
Export as new Build Order

Magikarp Zerg 

Build Orders: Hatch First 

Get SALT Encoding   

  12  0:01  Drone  
  13  0:13  Overlord  
  13  0:19  Drone  
  14  0:32  Drone x2  
  16  0:38  Drone  
  17  0:54  Drone  
  18  1:05  Hatchery  
  18  1:09  Drone  
  18  1:10  Drone  
  19  1:24  Extractor  
  18  1:28  Spawning Pool  
  17  1:41  Drone x3  
  20  1:52  Drone  
  21  1:57  Hatchery  
  20  2:02  Overlord  
  20  2:16  Drone  
  20  2:17  Evolution Chamber  
  20  2:18  Overlord  
  20  2:26  Drone  
  21  2:31  Drone  
  21  2:32  Roach Warren  
  20  2:46  Queen  
  22  2:57  Zergling x4  
  24  3:01  Zergling x2  
  25  3:06  Zergling x2  
  26  3:13  Zergling x6  
  29  3:23  Queen  
  29  3:25  Zergling x2  
  32  3:35  Metabolic Boost  
  32  3:41  Drone x3  
  32  3:44  Drone  
  36  3:55  Drone x3  
  39  4:08  Zergling x6  
  42  4:10  Overlord  
  38  4:34  Roach  
  38  4:35  Roach x4  
  38  4:37  Overlord x2  
  48  4:59  Zergling x2  
  49  5:00  Zergling x18  
  44  5:44  Roach  
  44  5:45  Roach x8  
  62  6:01  Spore Crawler  
  61  6:04  Spore Crawler  
  61  6:08  Spore Crawler  
  61  6:09  Spore Crawler  
  61  6:10  Zergling x4  
  61  6:11  Zergling x8  
  64  6:25  Lair  
  64  6:30  Drone x2  
  65  6:46  Overlord  
  65  6:47  Overlord  
  65  6:57  Zerg Missile Weapons Level 1  
  65  7:08  Drone x4  
  69  7:21  Roach  
  73  7:23  Roach x2  
  75  7:31  Drone x2  
  77  7:39  Drone x4  
  81  8:12  Drone x8  
  82  8:13  Drone x2  
  80  8:20  Drone  
  80  8:21  Drone  
  82  8:40  Overlord x3  
  82  8:54  Overlord  
  82  8:58  Queen  
  82  9:08  Drone x8  
  90  9:18  Hydralisk Den  
  90  9:22  Drone x3  
  92  9:54  Drone  
  92  9:55  Drone x8  
  101  10:06  Extractor  
  100  10:07  Hatchery  
  100  10:09  Extractor  
  100  10:11  Drone x3, Extractor  
Tags
 
Add a new tag
Caveats
  • Supply blocks, unpowered buildings, or Contaminate may cause inaccurate times.
  • Supply counts are checked every 10 seconds.